 Dungeon Crawl Stone Soup version 0.30-a0-719-gcc4359ea44 (webtiles) character file.

Game seed: 11034870875713289994

265 zinnoa the Ruffian (level 6, -14/52 HPs)
             Began as a Ghoul Berserker on Jan 26, 2023.
             Was a Believer of Trog.
             Demolished by an ogre
             ... wielding a +0 giant club
              (29 damage)
             ... on level 4 of the Dungeon.
             The game lasted 00:06:45 (2472 turns).

zinnoa the Ruffian (Ghoul Berserker)                Turns: 2472, Time: 00:06:46

Health: -14/52     AC:  9    Str: 22    XL:     6   Next: 20%
Magic:  5/5        EV:  9    Int:  3    God:    Trog [**....]
Gold:   259        SH:  7    Dex: 14    Spells: 5/5 levels left

rFire   . . .      SeeInvis .      - Unarmed
rCold   + . .      Faith    .    f - +0 kite shield
rNeg    + + +      Spirit   .    b - +0 scale mail
rPois   ∞          Reflect  .    i - +0 helmet
rElec   .          Harm     .    r - +0 cloak
rCorr   +          Rampage  .    (no gloves)
Will    ++...                    (no boots) Stlth
                                 (no amulet)
HPRegen 1.00/turn                e - +6 ring of dexterity
MPRegen 0.09/turn                p - ring of resist corrosion

@: strong-willed, regenerating
A: claws 1, cold resistance 1, negative energy resistance 3, inhibited
regeneration, torment resistance 2, devour on kill
a: Renounce Religion, Trog's Hand


You were on level 4 of the Dungeon.
You worshipped Trog.
Trog was pleased with you.
You visited 1 branch of the dungeon, and saw 4 of its levels.

You collected 259 gold pieces.

Inventory:

Armour
 a - a +0 animal skin
 b - a +0 scale mail (worn)
 f - a +0 kite shield (worn)
 i - a +0 helmet (worn)
 r - a +0 cloak (worn)
 v - an orb of light
Jewellery
 e - a +6 ring of dexterity (left claw)
 p - a ring of resist corrosion (right claw)
 t - a +6 ring of dexterity
Wands
 w - a wand of flame (8)
Scrolls
 c - a scroll of teleportation {unknown}
 d - 2 scrolls of vulnerability {unknown}
 j - a scroll of amnesia {unknown}
 k - a scroll of enchant weapon {unknown}
 m - 3 scrolls of identify {unknown}
 q - a scroll of fog {unknown}
 x - a scroll of silence {unknown}
Potions
 g - a potion of berserk rage {unknown}
 h - a potion of flight {unknown}
 l - 3 potions of might {unknown}
 n - a potion of resistance {unknown}
 o - a potion of lignification {unknown}
 s - 3 potions of curing {unknown}
 u - a potion of heal wounds {unknown}


   Skills:
 + Level 3.9 Fighting
 + Level 3.2 Armour
 + Level 2.5 Dodging
 + Level 0.2 Stealth
 + Level 1.0 Shields
 + Level 5.4 Unarmed Combat


You had 5 spell levels left.
You didn't know any spells.
Your spell library was empty.

Dungeon Overview and Level Annotations

Branches:
Dungeon (4/15)
 Temple: D:4-7

Altars:
Fedhas

Shops:
D:2 *

Annotations:
D:2 1 exclusion


Innate Abilities, Weirdness & Mutations

You are immune to poison.
You have sharp fingernails.
Your flesh is cold resistant. (rC+)
You are immune to negative energy. (rN+++)
You do not regenerate when monsters are visible.
You are immune to unholy pain and torment.
You thrive by killing the living.


Message History

There is a stone staircase leading up here.
You see here a +0 barding.
Found a cloak.
You see here a +0 cloak.
You see here a +0 barding.
An ogre comes into view. It is wielding a +0 giant club.
The ogre shouts!
You block the ogre's attack.
You scratch the ogre.
The ogre is lightly wounded.
The ogre closely misses you.
You scratch the ogre.
The ogre is moderately wounded.
You claw the ogre!
The ogre is heavily wounded.
The ogre closely misses you.
You scratch the ogre.
The ogre is heavily wounded.
The ogre hits you with a +0 giant club!
You barely miss the ogre.
The ogre is heavily wounded.
The ogre hits you with a +0 giant club!!
* * * LOW HITPOINT WARNING * * *
You are too injured to fight recklessly!
You are too injured to fight recklessly!
You are too injured to fight recklessly!
You are too injured to fight recklessly!
You are too injured to fight recklessly!
Your skin crawls.
You feel strong-willed.
You are too injured to fight recklessly!
You are too injured to fight recklessly!
You are too injured to fight recklessly!
You are too injured to fight recklessly!
You are too injured to fight recklessly!
You claw the ogre!
The ogre is almost dead.
The ogre hits you with a +0 giant club!!
Ouch! That really hurt!
You die...

# #.....# ##.# #
#.##.###.####..# #
...............# #
#.##.##.######.#####
#................
#..).......###.## #
##.#.#####.# #.#
#.##....#####.###[#
#.O@.......#...##.#
####....##........#
##.#.####...#### #.#>#
##[###### #.#.#
#.......
#######.#.#####.######
^...............#
#################


You could see an ogre.

Vanquished Creatures
  A black bear (D:4)
  A necrophage (D:4)
  A hound (D:3)
  An adder (D:4)
  2 worms
  2 dart slugs
  An orc (D:3)
  6 endoplasms
  4 giant cockroaches
  9 goblins
  7 hobgoblins
  3 jackals (D:2)
  5 kobolds
  3 quokkas
  5 ball pythons
  3 bats
  A frilled lizard (D:2)
  5 rats
60 creatures vanquished.

Notes
Turn   | Place    | Note
-------+----------+-------------------------------------------
     0 | D:1      | zinnoa the Ghoul Berserker began the quest for the Orb.
     0 | D:1      | Reached XP level 1. HP: 19/19 MP: 0/0
    88 | D:1      | Reached XP level 2. HP: 16/26 MP: 1/1
   408 | D:1      | Reached XP level 3. HP: 32/33 MP: 2/2
   432 | D:1      | Reached ** piety under Trog
   685 | D:2      | Reached skill level 4 in Unarmed Combat
   770 | D:2      | Found Zaeprium's General Store.
   835 | D:2      | Identified the +10 dagger "Botwod" {elec, rN+ rCorr}
  1346 | D:3      | Found a faded altar of an unknown god.
  1449 | D:3      | Reached XP level 4. HP: 39/40 MP: 3/3
  1502 | D:3      | Found a blossoming altar of Fedhas.
  1975 | D:4      | Noticed a necrophage
  1984 | D:4      | Killed a necrophage
  1985 | D:4      | Reached XP level 5. HP: 34/46 MP: 4/4
  2218 | D:4      | Noticed a black bear
  2224 | D:4      | Killed a black bear
  2225 | D:4      | Reached skill level 1 in Shields
  2225 | D:4      | Reached skill level 5 in Unarmed Combat
  2225 | D:4      | Reached XP level 6. HP: 46/52 MP: 5/5
  2472 | D:4      | Demolished by an ogre

Illustrated notes

Levels and vault maps discovered:
D:1:      dpeg_arrival_rooms_b, layout_rooms
D:2:      layout_loops_ring, serial_shops, shop, kennysheep_generic_room_13
D:3:      layout_basic, fedhas_altar_1, basic_ecumenical_altar,
          minmay_misc_feat_plants, nicolae_figureground_sparkle
D:4:      layout_loops_ring, grunt_decor_junction

Skill      XL: |  1  2  3  4  5 |
---------------+----------------+-----
Dodging        | 2 |  2.5
Armour         | 2 3 |  3.2
Unarmed Combat | 4 5 |  5.4
Shields        | 1 |  1.0
Fighting       | |  3.9
Stealth        | |  0.2

Action                     |  1- 3 |  4- 6 || total
---------------------------+-------+-------++-------
  Melee: Unarmed           |   133 |    76 ||   209
         Punch             |     1 |       ||     1
 Invoke: Trog's Hand       |       |     1 ||     1
 Armour: Scale mail        |    60 |    28 ||    88
         Animal skin       |     1 |       ||     1
  Dodge: Dodged            |    78 |    29 ||   107
  Block: Kite shield       |     6 |    24 ||    30

Table legend: (Time is in decaauts)
 A = Elapsed time spent in this place.
 B = Non-inter-level travel time spent in this place.
 C = Inter-level travel time spent in this place.
 D = Time resting spent in this place.
 E = Time spent auto-exploring this place.
 F = Levels seen in this place.
 G = Mean time per level.
                   A        B        C        D        E       F      G
               +--------+--------+--------+--------+--------+-----+--------+
         Total |   2475 |   2367 |    108 |     46 |   1817 |   4 |  618.8 |
       Dungeon |   2475 |   2367 |    108 |     46 |   1817 |   4 |  618.8 |
               +--------+--------+--------+--------+--------+-----+--------+

Top non-repeatable levels by time:
     D:3: 771 daAuts
     D:2: 703 daAuts
     D:4: 502 daAuts
     D:1: 498 daAuts
